 Dungeon Crawl Stone Soup version 0.29-a0-284-gf9362112df (webtiles) character file.

Game seed: 2571502681701118364

28 being54 the Sneak (level 2, 0/22 HPs)
             Began as a Demonspawn Brigand on Mar 16, 2022.
             Slain by a goblin
             ... wielding a +0 club
             ... led by Robin
              (2 damage)
             ... on level 2 of the Dungeon.
             The game lasted 00:01:19 (802 turns).

being54 the Sneak (Demonspawn Brigand)               Turns: 802, Time: 00:01:20

Health: 0/22       AC:  3    Str: 11    XL:     2   Next: 96%
Magic:  2/2        EV: 11    Int: 14    God:
Gold:   25         SH:  0    Dex: 14    Spells: 1/1 levels left

rFire   . . .      SeeInvis .   f - +1 dagger (elec)
rCold   . . .      Faith    .   (no shield)
rNeg    . . .      Spirit   .   b - +0 robe
rPois   .          Reflect  .   (no helmet)
rElec   .          Harm     .   c - +0 cloak
rCorr   .          Rampage  .   (no gloves)
Will    .....                   (no boots)
Stlth   +++.......              (no amulet)
HPRegen 0.07/turn               (no ring)
MPRegen 0.08/turn               (no ring)

@: flying
A: big brain 1
a: no special abilities


You were on level 2 of the Dungeon.
You visited 1 branch of the dungeon, and saw 2 of its levels.

You collected 25 gold pieces.

Inventory:

Hand Weapons
 a - a +2 dagger
 f - a +1 dagger of electrocution (weapon)
Missiles
 d - 9 poisoned darts (quivered)
 e - 3 curare-tipped darts
 j - 5 atropa-tipped darts
Armour
 b - a +0 robe (worn)
 c - a +0 cloak (worn)
Scrolls
 g - 2 scrolls of identify {unknown}
 h - a scroll of noise {unknown}


   Skills:
 + Level 2.0 Fighting
 + Level 2.1 Short Blades
 + Level 1.9 Throwing
 + Level 1.0 Dodging
 + Level 4.2 Stealth


You had one spell level left.
You didn't know any spells.
Your spell library contained the following spells:

 Spells                   Type           Power      Damage    Failure   Level
 Slow                     Hex            0%         N/A       28%         1
 Confusing Touch          Hex            0%         N/A       65%         3
 Vampiric Draining        Necr           0%         2d6       65%         3


Dungeon Overview and Level Annotations

Branches:
Dungeon (2/15)

Altars:

Annotations:
D:2 Robin


Innate Abilities, Weirdness & Mutations

You have an unusually large brain. (Int +2)


Message History

The goblin attacks as you move away! The goblin hits you with a +0 club.
You hit the goblin but do no damage. You punch the goblin.
The goblin is moderately wounded.
A goblin comes into view. It is wielding a +0 club.
The goblin barely misses you.
You hit the goblin.
The goblin is heavily wounded.
You hit the goblin.
The goblin is severely wounded.
Robin roars a battlecry!
The goblins go into a battle-frenzy!
The goblin hits you with a +0 club.
You hear a shout!
You hit the goblin.
You kill the goblin!
You hit the goblin.
You kill the goblin!
You hit the hobgoblin.
Lightning courses through the hobgoblin!
You kill the hobgoblin!
The goblin unwields a +0 club.
The goblin wields a +0 hunting sling.
The goblin shoots a sling bullet.
The sling bullet misses you.
A goblin comes into view. It is wielding a +0 dagger.
The goblin shouts!
You hear a shout!
The goblin unwields a +0 hunting sling.
The goblin wields a +0 club.
The goblin hits you with a +0 club.
The goblin moves out of view.
Items here: )) ††.
You hit the goblin.
The goblin is heavily wounded.
The goblin hits you with a +0 club.
* * * LOW HITPOINT WARNING * * *
Robin throws the goblin at you! The goblin hits you with a +0 club.
* * * LOW HITPOINT WARNING * * *
You barely miss the goblin. You punch the goblin.
The goblin is moderately wounded.
The goblin completely misses you.
It was a potion of flight.
You feel very buoyant.
You fly up into the air.
The goblin hits you with a +0 club.
You die...

.......................# #
..##.###.####<###.'''''#.#
....)# #..........'''''..#
.##### #.####.###.''_''.#
. #.# #.# #.'''''.# . ..#
#.###†'''''## # #.#
.##...†...# #.# #g#######
#.# #@# #g# #g# #ggg..#
.g.g##.# g..g..# ..
........# .# ####.#.## #
#.."


You could see Robin, a gnoll and 6 goblins.

Vanquished Creatures
  A worm (D:2)
  A dart slug (D:1)
  4 bats
  A giant cockroach (D:1)
  3 goblins (D:2)
  3 hobgoblins
  A quokka (D:2)
  3 ball pythons
  2 kobolds
  2 rats (D:1)
21 creatures vanquished.

Notes
Turn   | Place    | Note
-------+----------+-------------------------------------------
     0 | D:1      | being54 the Demonspawn Brigand began the quest for the Orb.
     0 | D:1      | Reached XP level 1. HP: 16/16 MP: 1/1
   277 | D:1      | Gained mutation: You have an unusually large brain. (Int
                  | +2) [demonic ancestry]
   277 | D:1      | Reached XP level 2. HP: 22/22 MP: 2/2
   494 | D:1      | Reached skill level 4 in Stealth
   780 | D:2      | Found a faded altar of an unknown god.
   783 | D:2      | Reached skill level 1 in Dodging
   788 | D:2      | Noticed Robin
   802 | D:2      | Slain by a goblin

Illustrated notes

Levels and vault maps discovered:
D:1:      elethiomel_arrival_quiet, layout_basic
D:2:      wander_river, layout_loops_corners, basic_altar,
          hellmonk_ecumenical_altar_heavens_door, uniq_robin

Skill      XL: |  1  2 |
---------------+-------+-----
Stealth        | 4 |  4.2
Short Blades   | 2 |  2.1
Dodging        | 1 |  1.0
Fighting       | |  2.0
Throwing       | |  1.9

Action                   || total
-------------------------++-------
Melee: Dagger            ||    54
       Punch             ||     2
  Use: Potion            ||     1
 Stab: Sleeping          ||     5
Armor: Robe              ||    24
Dodge: Dodged            ||    41

Table legend: (Time is in decaauts)
 A = Elapsed time spent in this place.
 B = Non-inter-level travel time spent in this place.
 C = Inter-level travel time spent in this place.
 D = Time resting spent in this place.
 E = Time spent auto-exploring this place.
 F = Levels seen in this place.
 G = Mean time per level.
                   A        B        C        D        E       F      G
               +--------+--------+--------+--------+--------+-----+--------+
         Total |    796 |    774 |     22 |      0 |    633 |   2 |  398.0 |
       Dungeon |    796 |    774 |     22 |      0 |    633 |   2 |  398.0 |
               +--------+--------+--------+--------+--------+-----+--------+

Top non-repeatable levels by time:
     D:1: 550 daAuts
     D:2: 246 daAuts
